 Dungeon Crawl Stone Soup version 0.19-a0-1007-g133f65f (webtiles) character file.

845 Implojin the Grappler (level 7, 0/66 HPs)
             Began as a Troll Fighter on July 20, 2016.
             Splashed by a jelly's acid (4 damage)
             ... on level 7 of the Dungeon.
             The game lasted 00:06:21 (1102 turns).

Implojin the Grappler (Troll Fighter)               Turns: 1102, Time: 00:06:21

Health: 0/66       AC:  1    Str: 25    XL:     7   Next: 68%
Magic:  6/6        EV:  8    Int:  4    God:
Gold:   40         SH: 10    Dex: 11    Spells: 0 memorised, 6 levels left

rFire  . . .     SeeInvis .       - Unarmed
rCold  . . .     Gourm    +     a - +0 robe
rNeg   . . .     Faith    .     b - +1 shield
rPois  .         Spirit   .     (helmet restricted)
rElec  .         Dismiss  .     (no cloak)
rCorr  .         Reflect  .     (gloves unavailable)
SustAt .         Harm     .     (boots unavailable)
MR     .....                    (no amulet)
Stlth  +.........               (no ring)
                                (no ring)

@: corroded, very slightly contaminated, not resistant to hostile enchantments,
very unstealthy
A: unfitting armour, claws 3, fast metabolism 3, gourmand, regeneration 2,
shaggy fur 1, tough skin 2
a: no special abilities


You were on level 7 of the Dungeon.
You were not hungry.

You visited 1 branch of the dungeon, and saw 7 of its levels.

You collected 62 gold pieces.
You spent 22 gold pieces at shops.

Inventory:

Hand Weapons
 o - a +4 falchion
Armour
 a - a +0 robe (worn)
 b - a +1 shield (worn)
Scrolls
 g - 3 scrolls of remove curse
 i - 3 scrolls of enchant armour
Potions
 e - a potion of flight {unknown}
 f - 3 potions of curing
 h - a potion of berserk rage {unknown}
 j - a potion of cure mutation {unknown}
 m - a potion of ambrosia {unknown}
Comestibles
 d - 6 bread rations
 l - a meat ration


   Skills:
 - Level 2.4 Fighting
 - Level 2.4 Dodging
 - Level 2.4 Shields
 * Level 9.0 Unarmed Combat


You had 6 spell levels left.
You didn't know any spells.

Dungeon Overview and Level Annotations

Branches:
Dungeon (7/15)
 Temple: D:4-7

Altars:
Zin

Shops:
D:7 *


Innate Abilities, Weirdness & Mutations

You are too large for most types of armour.
You have claws for hands.
Your metabolism is lightning-fast.
You like to eat raw meat.
You heal very quickly.
You are covered in fur. (AC +1)
You have very tough skin. (AC +2)


Message History

You are poisoned.
The meliai poisons you!
A hound zombie comes into view.
You feel sick.
The meliai calls down the wrath of its god upon you.
Something smites you!
* * * LOW HITPOINT WARNING * * *
The meliai hits you with a war axe.
* * * LOW HITPOINT WARNING * * *
You block the meliai's attack.
The worker ant twitches its antennae in your direction.
There is an open door here.
Unknown command.
A jelly comes into view.
You feel sick. You block the komodo dragon's attack. The worker ant bites you.
* * * LOW HITPOINT WARNING * * *
Unknown command.
You feel better. The komodo dragon barely misses you.
The worker ant barely misses you.
Okay, then.
The hound zombie completely misses you. The worker ant bites you.
* * * LOW HITPOINT WARNING * * *
The hound zombie bites you but does no damage.
Unknown command.
You block the hound zombie's attack. The komodo dragon bites you!
* * * LOW HITPOINT WARNING * * *
Unknown command.
The jelly hits you.
* * * LOW HITPOINT WARNING * * *
You are splashed with acid!
The acid corrodes you!
The acid burns!
* * * LOW HITPOINT WARNING * * *
You block the worker ant's attack.
The meliai calls down the wrath of its god upon you.
Something smites you!
* * * LOW HITPOINT WARNING * * *
The jelly hits you.
* * * LOW HITPOINT WARNING * * *
You are splashed with acid!
The acid burns!
You die...

........##.....C...+
####..#.##.........#
###..#.##.........#
#......##(........#
#.###..##(........# ...
#...#'#########
##.###..##....l....#
#......##....yJ...#
######.##...Ha.@..#
#.##....Z....+
#.################### #.#
#.#...###.##..#.#
#<###......#...#..#.#
#.##
#.................#.#
#...
#......###.....#...#.##.#
#### #.######
##.............#
#######.##.####


You could see a griffon, a komodo dragon, a meliai, a jelly, a worker ant and a
hound zombie.

Vanquished Creatures
  An ice beast (D:7)
  A phantom (D:5)
  2 ogres
  A scorpion (D:6)
  2 howler monkeys (D:6)
  2 crimson imps
  A hound (D:5)
  A jelly (D:7)
  A giant frog skeleton (D:6)
  2 orc wizards (D:7)
  2 iguanas (D:5)
  A worker ant (D:4)
  A hound skeleton (D:7)
  3 adders
  2 shadow imps (D:6)
  A worm (D:3)
  2 dart slugs
  A giant gecko (D:5)
  8 orcs
  A ball python (D:5)
  4 goblins
  2 hobgoblins (D:1)
  2 jackals
  2 bats
  2 giant newts
  2 kobolds
  A quokka zombie (D:5)
  A rat (D:1)
52 creatures vanquished.

Notes
Turn   | Place    | Note
-------+----------+-------------------------------------------
     0 | D:1      | Implojin the Troll Fighter began the quest for the Orb.
     0 | D:1      | Reached XP level 1. HP: 22/22 MP: 0/0
   176 | D:1      | Reached XP level 2. HP: 29/29 MP: 1/1
   284 | D:2      | Reached skill level 3 in Unarmed Combat
   322 | D:2      | Found a glowing silver altar of Zin.
   339 | D:2      | Reached XP level 3. HP: 27/36 MP: 2/2
   419 | D:4      | Reached skill level 4 in Unarmed Combat
   420 | D:4      | Noticed a phantom
   455 | D:5      | Entered Level 5 of the Dungeon
   455 | D:5      | Noticed a phantom
   457 | D:5      | Noticed an ogre
   470 | D:5      | Reached XP level 4. HP: 25/44 MP: 3/3
   475 | D:5      | Killed an ogre
   475 | D:5      | Reached skill level 5 in Unarmed Combat
   475 | D:5      | Reached XP level 5. HP: 31/50 MP: 4/4
   507 | D:5      | Killed a phantom
   507 | D:5      | Reached skill level 6 in Unarmed Combat
   507 | D:5      | Reached XP level 6. HP: 25/59 MP: 5/5
   576 | D:4      | Reached skill level 7 in Unarmed Combat
   721 | D:6      | Reached XP level 7. HP: 62/66 MP: 6/6
   894 | D:6      | Reached skill level 8 in Unarmed Combat
   947 | D:7      | Found Tadgh's Assorted Antiques.
   981 | D:7      | Bought a scroll labeled PUAFIYFIWE for 22 gold pieces
  1088 | D:7      | Reached skill level 9 in Unarmed Combat
  1089 | D:7      | Noticed a cyclops
  1089 | D:7      | Noticed a meliai
  1089 | D:7      | Noticed a griffon
  1090 | D:7      | what the fuckkkkkkkkk
  1094 | D:7      | Noticed a komodo dragon
  1102 | D:7      | Splashed by a jelly's acid

Vault maps used:
D:1:      dpeg_arrival_morbid_curiosity, minmay_misc_feat_diagonals,
          minmay_unequal
D:2:      nicolae_overflow_hidden_temple, lemuel_round_altar
D:3:      nicolae_tso_carved_into_rock, uniq_robin, uniq_iyjb, uniq_sigmund
D:4:      nicolae_ru_great_annihilating_truth
D:5:      marbit_many_paths, lemuel_coloured_pillars_altar, first_bread
D:6:      uniq_pikel
D:7:      minmay_klotski, lemuel_round_altar, serial_shops,
          nicolae_shop_temple_entry_statues_fountains

Skill      XL: |  1  2  3  4  5  6  7 |
---------------+----------------------+-----
Unarmed Combat | 3 4 5 6 7 9 |  9.0
Fighting       | |  2.4
Dodging        | |  2.4
Shields        | |  2.4

Action                   |  1- 3 |  4- 6 |  7- 9 || total
-------------------------+-------+-------+-------++-------
Melee: Unarmed           |    77 |    47 |    60 ||   184
  Use: Potion            |     1 |       |     1 ||     2
       Scroll            |       |       |     6 ||     6
  Eat: Chunk             |       |     6 |     3 ||     9
Armor: Robe              |   106 |     8 |    13 ||   127
Dodge: Dodged            |    73 |     9 |    24 ||   106
Block: Shield            |   132 |    14 |    28 ||   174

Table legend:
 A = Turns spent in this place as a percentage of turns spent in the entire game.
 B = Non-inter-level travel turns spent in this place as a percentage of non-inter-level travel turns spent in the entire game.
 C = Inter-level travel turns spent in this place as a percentage of turns spent in this place.
 D = Turns resting spent in this place as a percentage of non-inter-level travel turns spent in this place.
 E = Turns spent auto-exploring this place as a percentage of non-inter-level travel turns spent in this place.
 F = Non-inter-level travel turns spent in this place divided by the number of levels of this place that you've seen.
                   A       B       C       D       E      F
               +-------+-------+-------+-------+-------+----------------------
         Total | 100.0 | 100.0 |   0.0 |   0.0 |   0.0 | 161.9
       Dungeon | 100.0 | 100.0 |   0.0 |   0.0 |   0.0 | 161.9
               +-------+-------+-------+-------+-------+----------------------

Table legend:
 A = Kills in this place as a percentage of kills in entire the game.
 B = Kills by you in this place as a percentage of kills by you in the entire game.
 C = Kills by friends in this place as a percentage of kills by friends in the entire game.
 D = Other kills in this place as a percentage of other kills in the entire game.
 E = Experience gained in this place as a percentage of experience gained in the entire game.
 F = Experience gained in this place divided by the number of levels of this place that you have seen.
                   A       B       C       D       E      F
               +-------+-------+-------+-------+-------+----------------------
         Total | 100.0 | 100.0 |  -nan |  -nan | 100.0 | 172.6
       Dungeon | 100.0 | 100.0 |  -nan |  -nan | 100.0 | 172.6
               +-------+-------+-------+-------+-------+----------------------
